 Dungeon Crawl Stone Soup version 0.28.0 (webtiles) character file.

Game seed: 12092414164475481172

165 Hasart the Insei (level 5, -4/34 HPs)
             Began as an Octopode Transmuter on Feb 19, 2022.
             Slain by an orc (5 damage)
             ... on level 3 of the Dungeon.
             The game lasted 00:02:35 (2968 turns).

Hasart the Insei (Octopode Transmuter)              Turns: 2968, Time: 00:02:35

Health: -4/34      AC:  1    Str: 10    XL:     5   Next: 46%
Magic:  3/8        EV: 13    Int: 17    God:
Gold:   106        SH:  0    Dex: 12    Spells: 3/9 levels left

rFire   . . .      SeeInvis .     - Unarmed
rCold   . . .      Faith    .   (no shield)
rNeg    . . .      Spirit   .   (helmet restricted)
rPois   .          Reflect  .   (no amulet)
rElec   .          Harm     .   (no ring)
rCorr   .          Rampage  .   (no ring)
Will    .....                   (no ring)
Stlth   ++........              (no ring)
HPRegen 0.11/turn               (no ring)
MPRegen 0.11/turn               (no ring)
                                (no ring)
                                (no ring)

@: wereblooded, very slightly contaminated
A: almost no armour, amphibious, 8 rings, camouflage 1, gelatinous body 1,
(nimble swimmer 1), tentacles
a: no special abilities


You were on level 3 of the Dungeon.
You visited 1 branch of the dungeon, and saw 3 of its levels.

You collected 106 gold pieces.

Inventory:

Jewellery
 e - a +6 ring of dexterity
 h - an amulet of the acrobat
Scrolls
 a - a scroll of silence {unknown}
 b - 4 scrolls of identify {unknown}
 c - a scroll of vulnerability {unknown}
 g - a scroll of fog {unknown}
 i - a scroll of enchant armour {unknown}
Potions
 d - a potion of cancellation {unknown}
 f - a potion of curing {unknown}


   Skills:
 + Level 2.1 Fighting
 + Level 2.7 Dodging
 * Level 4.0 Unarmed Combat
 + Level 2.5 Spellcasting
 + Level 2.6 Transmutations
 * Level 2.2 Poison Magic


You had 3 spell levels left.
You knew the following spells:

 Your Spells              Type           Power      Damage    Failure   Level
a - Beastly Appendage     Tmut           22%        N/A       6%          1
b - Wereblood             Tmut           11%        N/A       10%         2
c - Spider Form           Tmut/Pois      10%        N/A       21%         3

Your spell library contained the following spells:

 Spells                   Type           Power      Damage    Failure   Level
 Ignite Poison            Fire/Tmut/Pois 7%         N/A       28%         3
 Mephitic Cloud           Conj/Pois/Air  4%         N/A       38%         3
 Inner Flame              Hex/Fire       2%         N/A       50%         3
 Ice Form                 Ice/Tmut       6%         N/A       71%         4
 Cause Fear               Hex            1%         N/A       88%         4
 Freezing Cloud           Conj/Ice/Air   1%         6-21      99%         5
 Discord                  Hex            1%         N/A       100%        8


Dungeon Overview and Level Annotations

Branches:
Dungeon (3/15)

Altars:
Ru


Innate Abilities, Weirdness & Mutations

You cannot wear most types of armour.
You are amphibious.
You can wear up to eight rings at the same time.
Your skin changes colour to match your surroundings (Stealth+).
Your rubbery body absorbs attacks. (AC +1, EV +1)
((You are camouflaged when in or above water. (Stealth+)))
You have tentacles for arms and can constrict up to eight enemies at once.


Message History

Casting: Spider Form (quite dangerous; 21% risk of failure)
Confirm with . or Enter, or press ? or * to list all spells.
The spell is quite dangerous to miscast (21% risk of failure)!
Continue anyway?
You miscast Spider Form.
You are very lightly contaminated with residual magic.
You feel incredibly sick!
You are poisoned.
You feel sick.
Casting: Spider Form (quite dangerous; 21% risk of failure)
Confirm with . or Enter, or press ? or * to list all spells.
The spell is quite dangerous to miscast (21% risk of failure)!
Continue anyway? [Y]es or [N]o only, please.
The spell is quite dangerous to miscast (21% risk of failure)!
Continue anyway? [Y]es or [N]o only, please.
The spell is quite dangerous to miscast (21% risk of failure)!
Continue anyway?
Okay, then.
Casting: Spider Form (quite dangerous; 21% risk of failure)
Confirm with . or Enter, or press ? or * to list all spells.
Your blood is infused with primal strength.
You feel sick. The orc hits you with a +0 hand axe!
You closely miss the orc. You grab the orc. You squeeze the orc.
The orc is lightly wounded.
You constrict the orc.
You feel sick. The orc hits you with a +0 hand axe.
* * * LOW HITPOINT WARNING * * *
Unknown command.
You barely miss the orc. You squeeze the orc, but do no damage.
The orc is heavily wounded.
You constrict the orc.
You feel sick. The orc closely misses you.
Unknown command.
You tentacle-slap the orc.
You feel a bit better.
You kill the orc!
You feel sick.
You are no longer poisoned.
The orc throws a boomerang.
The boomerang hits you.
* * * LOW HITPOINT WARNING * * *
The orc throws a boomerang.
The boomerang hits you.
* * * LOW HITPOINT WARNING * * *
The orc throws a boomerang.
The boomerang closely misses you. The orc hits you with a +0 hand axe.
You die...

....... #.#..............
....... !.#...##.........
#....###.#...##.........
#.......................
.......o..................
.##......#o...............
###....#)#.###..##......
###....#.#.# #..##...#<.
......o@)..# #..........
###....#...###.###......
######.#..............
...#.###.........(
##..#.##..######...
#..#.##... ....
#..#..#..## ... #..##.#..#
... ... .#..# ..


You could see 3 orcs.

Vanquished Creatures
  A jelly (D:3)
  A bullfrog skeleton (D:3)
  Natasha (D:2)
  3 adders (D:2)
  A dart slug (D:2)
  An orc (D:3)
  5 bats (D:1)
  6 endoplasms
  3 giant cockroaches
  7 goblins
  3 hobgoblins
  2 jackals (D:1)
  A quokka (D:1)
  5 ball pythons
  4 frilled lizards
  3 kobolds
  7 rats
54 creatures vanquished.

Notes
Turn   | Place    | Note
-------+----------+-------------------------------------------
     0 | D:1      | Hasart the Octopode Transmuter began the quest for the Orb.
     0 | D:1      | Reached XP level 1. HP: 13/13 MP: 3/3
   358 | D:1      | Reached XP level 2. HP: 18/18 MP: 5/5
  1054 | D:1      | Reached XP level 3. HP: 23/23 MP: 6/6
  1199 | D:1      | Found a faded altar of an unknown god.
  1300 | D:1      | Learned a level 2 spell: Wereblood
  1304 | D:1      | Learned a level 3 spell: Spider Form
  1692 | D:2      | Reached skill level 1 in Poison Magic
  1692 | D:2      | Reached XP level 4. HP: 16/29 MP: 7/7
  2532 | D:2      | Noticed Natasha
  2535 | D:2      | Killed Natasha
  2601 | D:2      | Found a sacrificial altar of Ru.
  2770 | D:3      | Reached XP level 5. HP: 29/34 MP: 8/8
  2780 | D:3      | Reached skill level 4 in Unarmed Combat
  2967 | D:3      | HP: 1/34 [orc/boomerang (5)]
  2968 | D:3      | Slain by an orc

Illustrated notes

Levels and vault maps discovered:
D:1:      ncdulo_watergridlock, layout_loops_corners, serial_forest,
          infiniplex_forest_straight_3, infiniplex_forest_straight_1,
          infiniplex_forest_side_room, infiniplex_forest_lined_2,
          infiniplex_forest_straight_2, infiniplex_forest_lined_room_2,
          infiniplex_forest_clump_double, infiniplex_forest_end_1,
          infiniplex_forest_fountain, ebering_ecumenical_altar_hall
D:2:      layout_basic, basic_altar, uniq_natasha
D:3:      layout_basic, serial_shops, nicolae_shop_stone

Skill      XL: |  1  2  3  4  5 |
---------------+----------------+-----
Poison Magic   | 1 2 |  2.2
Fighting       | 2 |  2.1
Unarmed Combat | 4 |  4.0
Dodging        | |  2.7
Spellcasting   | |  2.5
Transmutations | |  2.6

Action                   |  1- 3 |  4- 6 || total
-------------------------+-------+-------++-------
Melee: Unarmed           |    70 |    45 ||   115
       Constrict         |    20 |     9 ||    29
       Tentacles         |    17 |    15 ||    32
       Punch             |     1 |       ||     1
 Cast: Spider Form       |       |     1 ||     1
       Wereblood         |       |     1 ||     1
 Stab: Sleeping          |     9 |     3 ||    12
Armor: Skin              |     6 |     3 ||     9
Dodge: Dodged            |    38 |    21 ||    59
